 Dungeon Crawl Stone Soup version 0.20.1-1-g8b1a95d (webtiles) character file.

4833 Jannitor the Fighter (level 10, -3/90 HPs)
             Began as a Ghoul Wanderer on Sept 12, 2017.
             Was a Believer of Okawaru.
             Slain by a two-headed ogre
             ... wielding a +0 giant club
              (21 damage)
             ... on level 10 of the Dungeon.
             The game lasted 00:25:03 (10368 turns).

Jannitor the Fighter (Ghoul Wanderer)              Turns: 10368, Time: 00:25:04

Health: -3/90      AC: 11    Str: 18    XL:     10   Next: 49%
Magic:  9/9        EV: 10    Int: 12    God:    Okawaru [**....]
Gold:   650        SH:  2    Dex: 10    Spells: 9/9 levels left

rFire    . . .     SeeInvis .   b - +0 quarterstaff
rCold    + . .     Gourm    .   (shield currently unavailable)
rNeg     + + +     Faith    .   k - +0 scale mail
rPois    ∞         Spirit   .   (no helmet)
rElec    .         Reflect  +   q - scarf {repulsion}
rCorr    .         Harm     .   N - +1 pair of gloves
MR       .....                  y - +0 pair of boots
Stlth    +.........             m - +2 amulet of reflection
Regen    0.0/turn               h - ring of stealth
MPRegen  0.2/turn               B - ring of flight

@: brilliant, rotting, hasted, repel missiles, very quick
A: rotting body, claws 1, carnivore 3, cold resistance 1, negative energy
resistance 3, inhibited regeneration, torment resistance, unbreathing
a: Heroism, Renounce Religion, Evoke Flight


You were on level 10 of the Dungeon.
You worshipped Okawaru.
Okawaru was pleased with you.
You were not hungry.

You visited 2 branches of the dungeon, and saw 11 of its levels.
You also visited: Sewer.

You collected 650 gold pieces.

Inventory:

Hand Weapons
 a - a +2 hand crossbow
 b - a +0 quarterstaff (weapon)
 s - the +5 long sword of Havoc {drain, *Contam rF- SInv Stlth+, unknown}
   (You found it on level 5 of the Dungeon)

   A truly terrible weapon, it drains the life of those it strikes.
   It makes you vulnerable to fire.
   It lets you see invisible.
   It causes magical contamination when unequipped.
   It makes you more stealthy.
Missiles
 c - 36 bolts
Armour
 e - a +0 robe
 k - a +0 scale mail (worn)
 q - a scarf of repulsion (worn)
 y - a +0 pair of boots (worn)
 J - a +0 pair of gloves
 N - a +1 pair of gloves (worn)
Jewellery
 h - a ring of stealth (left hand)
 m - a +2 amulet of reflection (around neck)
 B - a ring of flight (right hand)
 H - an uncursed ring of fire
Scrolls
 d - 6 scrolls of teleportation
 i - 4 scrolls of amnesia
 j - 2 scrolls of magic mapping {unknown}
 t - 3 scrolls of recharging {unknown}
 v - 3 scrolls of enchant weapon {unknown}
 C - a scroll of fog {unknown}
 E - a scroll of torment {unknown}
 G - a scroll of fear {unknown}
 I - a scroll of immolation {unknown}
 K - 3 scrolls of remove curse {unknown}
 M - 7 scrolls of identify
 P - a scroll of blinking
Potions
 l - 4 potions of curing
 o - a potion of heal wounds {unknown}
 p - a potion of lignification {unknown}
 r - a potion of magic
 u - 2 potions of cancellation {unknown}
 w - 3 potions of agility
 x - 2 potions of haste
 z - a potion of might
 A - 2 potions of brilliance
 D - a potion of flight {unknown}
 F - a potion of ambrosia
Books
 n - a book of Air

   Spells                             Type                      Level
   a - Shock                          Conjuration/Air              1
   b - Swiftness                      Charms/Air                   2
   c - Static Discharge               Conjuration/Air              3
   d - Airstrike                      Air                          4
   e - Lightning Bolt                 Conjuration/Air              5
 L - a book of Cantrips

   Spells                             Type                      Level
   a - Confusing Touch                Hexes                        1
   b - Animate Skeleton               Necromancy                   1
   c - Summon Small Mammal            Summoning                    1
   d - Apportation                    Translocation                1
Comestibles
 f - 8 meat rations
 g - 2 royal jellies
 O - 10 chunks of flesh


   Skills:
 + Level 8.8 Fighting
 + Level 7.1 Staves
 + Level 7.3 Crossbows
 - Level 1.0 Throwing
 + Level 6.7 Armour
 - Level 1.0 Dodging
 - Level 1.0 Evocations


You had 9 spell levels left.
You didn't know any spells.

Dungeon Overview and Level Annotations

Branches:
Dungeon (10/15)            Temple (1/1) D:6
   Lair: D:8-11         Orc: D:9-12

Altars:
Ashenzari
Cheibriados
Dithmenos
Elyvilon
Fedhas
Gozag
Hepliaklqana
Kikubaaqudgha
Makhleb
Nemelex Xobeh
Okawaru
Qazlal
Sif Muna
Trog
Uskayaw
Vehumet
Xom
Yredelemnul
Zin
The Shining One


Innate Abilities, Weirdness & Mutations

Your body is rotting away.
You thrive on raw meat.
You are immune to poison.
You have sharp fingernails.
You are carnivorous and can eat meat at any time.
Your flesh is cold resistant. (rC+)
You are immune to negative energy. (rN+++)
You do not regenerate when monsters are visible.
You are immune to unholy pain and torment.
You can survive without breathing.


Message History

The two-headed ogre is lightly wounded.
You hit the two-headed ogre.
The two-headed ogre is moderately wounded.
The gnoll sergeant hits you from afar with an enchanted spear.
The two-headed ogre hits you with a giant club!!
The two-headed ogre hits you with a giant club!
There is a stone staircase leading down, spattered with blood here.
The two-headed ogre hits you but does no damage.
The two-headed ogre hits you with a giant club!
* * * LOW HITPOINT WARNING * * *
You climb downwards.
There is a stone staircase leading up here.
You feel yourself speed up.
The two-headed ogre hits you but does no damage.
The two-headed ogre barely misses you.
It was a potion of magic.
Magic courses through your body.
It was a potion of brilliance.
You feel clever all of a sudden.
The two-headed ogre hits you with a giant club!!
You die...

.
#####....
#@.......
#.O......
#...#####
#...#
#....
#.....
#...###
#....


You could see a two-headed ogre.

Vanquished Creatures
  Erica (D:9)
  The ghost of Jukra the Chopper, an amateur DgFi (D:3)
  The ghost of Teleutos the Slasher, an amateur HuBe of Trog (D:4)
  A hippogriff (D:3)
  A spriggan (D:7)
  Edmund (D:6)
  A water moccasin (D:8)
  A sky beast (D:7)
  An orc warrior (D:6)
  A black bear (D:9)
  6 ogres
  2 centaurs (D:8)
  5 big kobolds
  3 bullfrogs
  4 scorpions
  A howler monkey (D:8)
  3 bullfrog zombies
  5 crimson imps
  3 orc priests
  A hound (D:5)
  2 jellies
  3 bullfrog skeletons
  2 iguanas
  7 orc wizards
  11 worker ants
  A hound zombie (D:8)
  2 hound skeletons (D:6)
  A gnoll (D:9)
  A howler monkey skeleton (D:6)
  15 adders
  A river rat (Sewer)
  5 oozes
  An adder zombie (D:8)
  6 worms
  2 dart slugs (D:1)
  5 leopard geckos
  28 orcs
  4 ball pythons
  4 giant cockroaches
  13 hobgoblins
  2 jackals (D:9)
  19 kobolds
  2 quokkas (D:3)
  15 bats
  13 frilled lizards
  8 goblins
  2 jackal skeletons
  A jackal zombie (D:8)
  A leopard gecko skeleton (D:5)
  2 quokka skeletons (D:5)
  14 rats
  4 fungi (D:5)
240 creatures vanquished.

Vanquished Creatures (others)
  A centaur (D:8)
  A plant (D:5)
2 creatures vanquished.

Grand Total: 242 creatures vanquished

Notes
Turn   | Place    | Note
-------+----------+-------------------------------------------
     0 | D:1      | Jannitor the Ghoul Wanderer began the quest for the Orb.
     0 | D:1      | Jannitor set off with: a +2 hand crossbow, 23 bolts, a +0 quarterstaff, a scroll of teleportation, a +0 robe, a meat ration
     0 | D:1      | Reached XP level 1. HP: 19/19 MP: 0/0
   360 | D:1      | Reached XP level 2. HP: 24/26 MP: 1/1
   742 | D:1      | Reached XP level 3. HP: 29/33 MP: 2/2
  1462 | D:2      | Found a bloodstained altar of Trog.
  1974 | D:2      | Reached XP level 4. HP: 26/40 MP: 3/3
  2192 | D:2      | Reached skill level 4 in Fighting
  2265 | D:3      | Reached XP level 5. HP: 9/46 MP: 4/4
  2527 | D:3      | Found a glowing drain.
  2571 | Sewer    | Entered a sewer
  2594 | Sewer    | Noticed a big kobold
  2616 | Sewer    | Killed a big kobold
  2868 | Sewer    | Noticed a big kobold
  2884 | Sewer    | Killed a big kobold
  2884 | Sewer    | Reached XP level 6. HP: 53/53 MP: 5/5
  3153 | Sewer    | Reached XP level 7. HP: 41/60 MP: 6/6
  3404 | Sewer    | Reached skill level 5 in Fighting
  3684 | D:3      | You fall through a shaft for 3 floors!
  3726 | D:5      | Entered Level 5 of the Dungeon
  3785 | D:4      | Noticed Teleutos's ghost (amateur HuBe)
  3911 | D:3      | Noticed Jukra's ghost (amateur DgFi)
  3928 | D:3      | Killed Jukra's ghost
  3928 | D:3      | Reached XP level 8. HP: 15/70 MP: 7/7
  4318 | D:3      | Noticed a hippogriff
  4333 | D:3      | Killed a hippogriff
  4333 | D:3      | Reached skill level 6 in Fighting
  4805 | D:3      | Found a blossoming altar of Fedhas.
  5124 | D:4      | Reached skill level 5 in Staves
  5211 | D:4      | Killed Teleutos's ghost
  5211 | D:4      | Reached skill level 5 in Crossbows
  5483 | D:4      | Found an ancient bone altar of Kikubaaqudgha.
  5609 | D:4      | Reached XP level 9. HP: 71/76 MP: 8/8
  5715 | D:5      | Reached skill level 7 in Fighting
  5715 | D:5      | Reached skill level 5 in Armour
  5797 | D:5      | Got a jewelled whip
  5798 | D:5      | Identified the cursed +3 whip "Tissa" {freeze, *Drain Int+8} (You found it on level 5 of the Dungeon)
  6084 | D:5      | Got a brightly glowing long sword
  7555 | D:6      | Found a staircase to the Ecumenical Temple.
  7558 | D:6      | Noticed Edmund
  7570 | D:6      | Killed Edmund
  7650 | Temple   | Entered the Ecumenical Temple
  7888 | Temple   | Became a worshipper of Warmaster Okawaru
  8705 | D:7      | Found a stormy altar of Qazlal.
  9292 | D:8      | Reached skill level 8 in Fighting
  9406 | D:8      | Reached XP level 10. HP: 60/88 MP: 9/9
  9448 | D:8      | Found a shadowy altar of Dithmenos.
  9761 | D:8      | Reached * piety under Okawaru
  9875 | D:9      | Noticed Erica
 10129 | D:9      | Killed Erica
 10129 | D:9      | Reached ** piety under Okawaru
 10347 | D:9      | Noticed a two-headed ogre
 10365 | D:10     | Entered Level 10 of the Dungeon
 10368 | D:10     | Slain by a two-headed ogre

Skill      XL: |  1  2  3  4  5  6  7  8  9 10 |
---------------+-------------------------------+-----
Staves         | 2 3 4 5 6 7 |  7.1
Crossbows      | 2 3 4 5 6 7 |  7.3
Fighting       | 4 5 6 8 |  8.8
Armour         | 2 3 4 6 |  6.7
Throwing       | |  1.0
Dodging        | |  1.0
Evocations     | |  1.0

Action                   |  1- 3 |  4- 6 |  7- 9 | 10-12 || total
-------------------------+-------+-------+-------+-------++-------
Melee: Quarterstaff      |   200 |   108 |   352 |    74 ||   734
 Fire: Hand crossbow     |     4 |    29 |   232 |    75 ||   340
 Abil: Evoke Flight      |       |       |     4 |       ||     4
  Use: Scroll            |       |     3 |     1 |       ||     4
       Potion            |       |       |     4 |     5 ||     9
  Eat: Chunk             |     5 |     5 |    25 |     7 ||    42
Armor: Robe              |    16 |       |       |       ||    16
       Scale mail        |   101 |    43 |   136 |    36 ||   316
Dodge: Dodged            |   133 |    54 |   144 |    50 ||   381
       Deflected         |       |    10 |     8 |    12 ||    30
Block: Other             |       |       |    22 |     7 ||    29
       Reflection        |       |       |     2 |     3 ||     5
